[Event "Late-Titled-Tuesday-Blitz-May-07-2024"]
[Site "Chess.com"]
[Date "2024.05.07"]
[Round "8"]
[White "lamomiajunior"]
[Black "Zq1"]
[Result "1-0"]
[WhiteElo "2766"]
[BlackElo "2612"]
[TimeControl "180+1"]
[EndTime "15:29:06 PDT"]
[Termination "lamomiajunior won on time"]

1. d4 Nf6 2. Nc3 d5 3. Bf4 a6 4. e3 c5 5. dxc5 Qa5 6. Nf3 e6 7. Bd3 Bxc5 8. O-O O-O 9. e4 dxe4 10.
Nxe4 Be7 11. Qe2 Nbd7 12. Rfd1 Nxe4 13. Bxe4 Nf6 14. c3 Nxe4 15. Qxe4 Qf5 16. Qxf5 exf5 17. Bd6 Bxd6 18. Rxd6 b5 19. Nd4 g6 20. Re1 Bb7 21. Rd7 Rfe8 22. Rxe8+ Rxe8 23. f3 Bc8 24. Rc7 f4 25.
Kf2 h5 26. Ra7 h4 27. h3 Kf8 28. b3 g5 29. Rc7 Kg7 30. c4 bxc4 31. bxc4 Kf6 32. c5 Be6 33. Rc6 Rd8 34. Nb3 Ke5 35.
Rxa6 Bxb3 36. axb3 Rd2+ 37. Kg1 Rb2 38. Rb6 Kd5 39.
b4 Rc2 40. Rb8 Kd4 41. Rd8+ Ke3 42. Re8+ Kd3 43. Re5 f6 44. Re6 Rc4 45. Rxf6 Rxb4 46. Rf5 Rb1+ 47. Kh2 Ke3 48. Rxg5 Kf2 49. Rd5 Rc1 50.
Rd4 Ke3 51. Re4+ Kf2 52. Re5 Rg1 53. Rg5 Rc1 54. Rg4 1-0

[Event "Late-Titled-Tuesday-Blitz-May-07-2024"]
[Site "Chess.com"]
[Date "2024.05.07"]
[Round "8"]
[White "profaVa"]
[Black "shirovin"]
[Result "0-1"]
[WhiteElo "2364"]
[BlackElo "2114"]
[TimeControl "180+1"]
[EndTime "15:29:06 PDT"]
[Termination "shirovin won by checkmate"]

1. e4 Nf6 2. e5 Nd5 3. d4 d6 4. Nf3 dxe5 5. Nxe5 c6 6. c4 Nb4 7. a3 Qxd4 8. axb4 Qxe5+ 9. Be2 Bg4 10. Be3 Bxe2 11.
Qxe2 e6 12. O-O Bxb4 13. f4 Qe4 14. Nc3 Bxc3 15. bxc3 Na6 16. Ra5 Rd8 17. Re5 Qd3 18. Qh5 g6 19. Qg5 O-O 20. f5 f6 21. Qh6 fxe5 22.
Bg5 Rxf5 23. Rxf5 exf5 24. Bxd8 Qxd8 25. Qe3 Qd6 26. Kf1 e4 27. Qxa7 Qd3+ 28. Ke1 Qxc3+ 29. Kf2 Qd2+ 30. Kg3 Qd3+ 31. Kf4 Qd6+ 32. Kg5 Nc5 33. Qa8+ Qf8 34. Qa7 e3 35. h4 e2 36. h5 Qe7+ 37.
Kh6 Qg7+ 38. Kg5 gxh5+ 39. Kxh5 Qg6+ 40. Kh4 Qg4# 0-1

[Event "Late-Titled-Tuesday-Blitz-May-07-2024"]
[Site "Chess.com"]
[Date "2024.05.07"]
[Round "8"]
[White "FabianoCaruana"]
[Black "Dedic8"]
[Result "0-1"]
[WhiteElo "3074"]
[BlackElo "2900"]
[TimeControl "180+1"]
[EndTime "15:29:07 PDT"]
[Termination "Dedic8 won by resignation"]

1. c4 e6 2. Nc3 d5 3. cxd5 exd5 4. d4 Nf6 5. Bg5 Be7 6. e3 h6 7.
Bh4 O-O 8. Bd3 c6 9. Nge2 Ne8 10. Bg3 Nd6 11. Qc2 a5 12. O-O Re8 13. Rae1 Bf8 14. a3 Na6 15. Nc1 Nc7 16. Nb3 Nc4 17. e4 Be6 18. e5 a4 19. Nd2 Nb5 20. Nxb5 cxb5 21. f4 Rc8 22. f5 Ne3 23. Qb1 Nxf1 24. Rxf1 Bd7 25. f6 Qb6 26. Nf3 Bg4 27. Bh7+ Kh8 28. Bf5 Bxf3 29. Rxf3 Qxd4+ 30. Bf2 Qxe5 31. Bxc8 Rxc8 32.
h3 g6 33. Kh1 Qe4 34. Qd1 Bd6 35. Rd3 Qf4 36. Bg3 Qxg3 37. Rxg3 Bxg3 38. Kg1 Re8 39. Kf1 Kg8 40. Qd2 Re4 41. Qc3 Re1+ 42. Qxe1 Bxe1 43. Kxe1 Kf8 44. Ke2 Ke8 45. Ke3 Kd7 46. Kd4 Kd6 47. g3 h5 48. h4 b6 49. Ke3 Ke5 0-1

[Event "Late-Titled-Tuesday-Blitz-May-07-2024"]
[Site "Chess.com"]
[Date "2024.05.07"]
[Round "8"]
[White "SergioMoralesG"]
[Black "ChessSwole"]
[Result "1-0"]
[WhiteElo "2494"]
[BlackElo "2615"]
[TimeControl "180+1"]
[EndTime "15:29:07 PDT"]
[Termination "SergioMoralesG won by resignation"]

1. d4 d5 2. c4 dxc4 3. Nf3 Nf6 4. e3 e6 5. Bxc4 a6 6. O-O c5 7. b3 Nc6 8. Bb2 b5 9. Be2 Bb7 10. a4 b4 11. Nbd2 Be7 12. Nc4 O-O 13. a5 Nd5 14. Qd2 Rc8 15. Rfd1 Rc7 16. e4 Nc3 17. Bxc3 bxc3 18.
Qxc3 cxd4 19. Nxd4 Qb8 20. Nxc6 Bxc6 21. Qe3 Qb7 22. Ne5 Bxe4 23. Bxa6 Qa8 24. Bf1 Rc2 25.
a6 Bc5 26. Rd4 Bd5 27. Nd7 Bxd4 28. Qxd4 Rd8 29. Bd3 Rc7 30. Nb6 Qa7 31. Qh4 f6 32. Qxh7+ Kf8 33. Nxd5 Rxd5 34. Bg6 Rd2 35. Qh8+ Ke7 36.
Qxg7+ Kd6 37. Qxf6 Qxa6 38. Re1 Re2 39. Rd1+ Kc6 40.
h4 Kb7 41. h5 Qa5 42. Qf3+ Ka7 43. Qxe2 Qg5 44. Qe3+ Qxe3 45. fxe3 Re7 46. h6 Kb6 47. h7 Rxh7 48. Bxh7 1-0

[Event "Late-Titled-Tuesday-Blitz-May-07-2024"]
[Site "Chess.com"]
[Date "2024.05.07"]
[Round "8"]
[White "alexrustemov"]
[Black "SHIVACalypso"]
[Result "1-0"]
[WhiteElo "2897"]
[BlackElo "2529"]
[TimeControl "180+1"]
[EndTime "15:29:07 PDT"]
[Termination "alexrustemov won by resignation"]

1. d4 Nf6 2. c4 g6 3. Nf3 Bg7 4. g3 d5 5. cxd5 Nxd5 6. Bg2 O-O 7. O-O c5 8. e4 Nf6 9. e5 Nd5 10. dxc5 Nb4 11. Nc3 Bf5 12. a3 Nd3 13. Nh4 Nc6 14. Nxf5 gxf5 15. Qc2 Nxc1 16. Raxc1 e6 17. Rfd1 Qa5 18. f4 Qxc5+ 19. Qf2 Qxf2+ 20. Kxf2 Rfd8 21. Nb5 Bf8 22. Ke2 a6 23. Bxc6 bxc6 24. Rxd8 Rxd8 25. Nc3 Rb8 26. Na4 c5 27. Kd3 Rb3+ 28. Kc4 Rb5 29. Rd1 Kg7 30. Rd7 Rb8 31. Ra7 Rd8 32. Nxc5 Bxc5 33.
Kxc5 Rc8+ 34. Kd4 Rb8 35. b4 Rb6 36. Kc5 Rb5+ 37. Kc6 Rd5 38. Rxa6 Rd2 39. b5 Rxh2 40. b6 Rc2+ 41. Kd7 Rd2+ 42. Kc8 Rc2+ 43. Kb8 Rc3 44. b7 Rxg3 45. Kc7 Rc3+ 46. Rc6 Rb3 47. Rb6 Rc3+ 48. Kd7 1-0

[Event "Late-Titled-Tuesday-Blitz-May-07-2024"]
[Site "Chess.com"]
[Date "2024.05.07"]
[Round "8"]
[White "wild3000"]
[Black "remyrushbrooke"]
[Result "0-1"]
[WhiteElo "2473"]
[BlackElo "2323"]
[TimeControl "180+1"]
[EndTime "15:29:09 PDT"]
[Termination "remyrushbrooke won on time"]

1. d4 g6 2. e4 Bg7 3. c3 d6 4. Bc4 Nf6 5. Nd2 O-O 6. Ngf3 Nc6 7. O-O e5 8. Re1 Re8 9. Ng5 Re7 10. Qb3 Qf8 11.
Qa3 h6 12. Ngf3 Qe8 13. Bb5 exd4 14. Nxd4 Nxe4 15. Nxe4 Rxe4 16. Rxe4 Qxe4 17. Be3 Nxd4 18. cxd4 c6 19. Bd3 Qe7 20. Re1 Be6 21. h3 Qd7 22. b3 d5 23. Qc1 Kh7 24. Bb1 Bf5 25. Bxf5 Qxf5 26. Qc5 Qd7 27. a4 Bf8 28. Qc2 Bb4 29. Rf1 Re8 30. Bf4 Bd6 31. Be3 Re4 32. Qb2 Qe6 33.
b4 Bf4 34. Bxf4 Rxf4 35. b5 cxb5 36. Qxb5 Rxd4 37. a5 b6 38. a6 Rc4 39. Rd1 Rc5 40. Qb3 Ra5 41. Qd3 Qf6 42. Qe2 d4 43. Rd3 Ra1+ 44.
Kh2 Rxa6 45. Qe4 Ra5 0-1

[Event "Late-Titled-Tuesday-Blitz-May-07-2024"]
[Site "Chess.com"]
[Date "2024.05.07"]
[Round "8"]
[White "lluiss"]
[Black "ACollins05"]
[Result "0-1"]
[WhiteElo "2250"]
[BlackElo "2541"]
[TimeControl "180+1"]
[EndTime "15:29:10 PDT"]
[Termination "ACollins05 won by resignation"]

1. Nf3 b5 2. g3 Bb7 3. Bg2 Nf6 4. O-O e6 5. a4 b4 6. b3 a5 7. Bb2 Be7 8. d3 O-O 9. e4 d5 10. exd5 Nxd5 11. Nbd2 Bf6 12. Bxf6 Qxf6 13. Nc4 Nd7 14. Qe1 N7b6 15. Nfe5 Rfd8 16. Nxb6 cxb6 17. Nc4 Rab8 18. Qe5 Qxe5 19. Nxe5 Rdc8 20. Nc4 Nc3 21. Rfe1 Bxg2 22. Kxg2 Rd8 23. Re5 Kf8 24. f4 Rd5 25. Rae1 Ke7 26.
f5 Rxe5 27. Rxe5 Nd5 28. fxe6 fxe6 29. Re2 Rf8 30. Rf2 Rd8 31. Kf3 Kd7 32. Ne5+ Kc7 33.
Ke4 Nc3+ 34. Ke3 Nd1+ 35. Ke2 Nxf2 36. Kxf2 Rd5 37. Nf3 Kc6 38. d4 Rf5 39. Ke3 Kd5 40.
Nd2 e5 41. dxe5 Rxe5+ 42. Kd3 Rf5 43. Ke3 Kc5 44. Ne4+ Kc6 45. Nd2 h5 46. Nc4 Rf1 47.
Ne5+ Kd5 48. Nd3 Rh1 49. h4 Rh2 50. Nf4+ Kc6 51. Ne2 Kc5 52. Kd3 Rg2 53. Ke3 b5 54. axb5 Kxb5 55. Nd4+ Kc5 56. Ne2 g6 57. Kd3 Kd6 58. Ke3 Ke5 59. Kf3 Rh2 60. Nf4 Kf5 61.
Ne2 Rh1 62. Nd4+ Kf6 63. Nc6 Rc1 64. Nxa5 Rxc2 65. Nc4 Rxc4 0-1

[Event "Late-Titled-Tuesday-Blitz-May-07-2024"]
[Site "Chess.com"]
[Date "2024.05.07"]
[Round "8"]
[White "Iuckyducky"]
[Black "APOKALIPSA13"]
[Result "1-0"]
[WhiteElo "2278"]
[BlackElo "2196"]
[TimeControl "180+1"]
[EndTime "15:29:10 PDT"]
[Termination "Iuckyducky won by checkmate"]

1. d4 e5 2. dxe5 Nc6 3. Nf3 Qe7 4. Bf4 Qb4+ 5. Qd2 Qxb2 6. c3 Qxa1 7. Qc2 d5 8. e3 g6 9. Bd3 d4 10. Nxd4 Nxd4 11.
cxd4 Bb4+ 12. Ke2 Bd7 13. Rc1 Ne7 14. Nd2 Qc3 15. Qxc3 Bxc3 16. Rxc3 Nd5 17. Rc5 Nxf4+ 18. exf4 c6 19. Ne4 Be6 20. Nd6+ Ke7 21. Nxb7 Rab8 22. Na5 Rb2+ 23. Ke3 Rc8 24. Nxc6+ Rxc6 25. Rxc6 Rxa2 26. Rc7+ Kd8 27. Rc5 a5 28. d5 Bd7 29. h3 h5 30. Bc4 Rb2 31. d6 a4 32. Bxf7 a3 33.
Ra5 g5 34. fxg5 Rb5 35. Rxb5 Bxb5 36. g6 Be8 37. Bxe8 Kxe8 38. g7 Kf7 39. d7 a2 40.
d8=Q a1=Q 41. g8=Q# 1-0

[Event "Late-Titled-Tuesday-Blitz-May-07-2024"]
[Site "Chess.com"]
[Date "2024.05.07"]
[Round "8"]
[White "FMOlexandrProhorov"]
[Black "imdvb6307"]
[Result "0-1"]
[WhiteElo "2307"]
[BlackElo "2497"]
[TimeControl "180+1"]
[EndTime "15:29:12 PDT"]
[Termination "imdvb6307 won on time"]

1. e4 Nc6 2. d4 d5 3. Nc3 dxe4 4. d5 Nb8 5. Bc4 Nf6 6. Bg5 c6 7.
dxc6 Qxd1+ 8. Rxd1 bxc6 9. Nge2 Bg4 10. h3 Bxe2 11. Kxe2 Nbd7 12. Rhe1 e6 13. Kf1 Rb8 14. Bb3 Bb4 15. Bd2 Nc5 16. Be3 a5 17. Bxc5 Bxc5 18.
Nxe4 Nxe4 19. Rxe4 Rb4 20. Ba4 O-O 21. Rxb4 axb4 22.
Bxc6 g5 23. Bf3 Rc8 24. Ke2 Kg7 25. Rd7 Kg6 26. Be4+ Kg7 27. Bd3 Ra8 28. Bc4 Kf6 29. Rb7 Ra5 30. Rb5 Rxb5 31. Bxb5 Ke5 32. Kd3 Bxf2 33.
Kc4 Be1 34. c3 bxc3 35. bxc3 Kf4 36. Bc6 e5 37. a4 f5 38. a5 e4 39. a6 Bf2 40. Bb5 Ba7 41. Kd5 Ke3 0-1

[Event "Late-Titled-Tuesday-Blitz-May-07-2024"]
[Site "Chess.com"]
[Date "2024.05.07"]
[Round "8"]
[White "ansko1999"]
[Black "HaryKane"]
[Result "0-1"]
[WhiteElo "2646"]
[BlackElo "2550"]
[TimeControl "180+1"]
[EndTime "15:29:14 PDT"]
[Termination "HaryKane won by resignation"]

1. Nc3 e6 2. d4 d5 3. e4 dxe4 4. Nxe4 Nd7 5. Bd3 Ngf6 6. Ne2 Nxe4 7. Bxe4 c5 8. O-O Be7 9. Re1 O-O 10. d5 Nf6 11. d6 Bxd6 12. Bf3 Qc7 13. g3 Rd8 14.
Bd2 e5 15. Nc3 a6 16. Qe2 Bf5 17. Bg5 Be7 18. Bxf6 Bxf6 19. Nd5 Qd6 20. Nxf6+ Qxf6 21. Bxb7 Rab8 22. Bxa6 Rxb2 23. Qxe5 Qxe5 24. Rxe5 Bxc2 25. Rxc5 g6 26. Bc4 Bb1 27. Rd5 Rc8 28. Bb3 Rxb3 29. axb3 Rc1+ 30. Kg2 Be4+ 31. f3 Rc2+ 32. Kh3 Bxd5 33.
Rb1 Bxf3 34. b4 Bg2+ 35. Kg4 Rc4+ 36. Kg5 Kg7 37. g4 Bf3 38. h3 h5 39. Kh4 hxg4 40.
b5 gxh3+ 41. Kg3 Rc3 42. Rb2 Be4+ 43. Kf4 Bb7 44. Ke5 Bg2 45. b6 h2 46. b7 Bxb7 47.
Rxh2 Rc5+ 48. Kd6 Rf5 49. Rb2 Bf3 50. Ke7 Bh5 51. Rb6 g5 52. Rb5 Rxb5 53. Kd6 Rf5 0-1

[Event "Late-Titled-Tuesday-Blitz-May-07-2024"]
[Site "Chess.com"]
[Date "2024.05.07"]
[Round "8"]
[White "AsaHoffmann"]
[Black "nitpicker"]
[Result "0-1"]
[WhiteElo "2403"]
[BlackElo "2292"]
[TimeControl "180+1"]
[EndTime "15:29:14 PDT"]
[Termination "nitpicker won by resignation"]

1. d4 Nf6 2. Bg5 d5 3. Nd2 Nbd7 4. e3 g6 5. f4 Bg7 6. Bd3 O-O 7. Ngf3 b6 8. O-O Bb7 9. Qe1 Ne4 10. Bxe4 dxe4 11. Ne5 f6 12. Nxd7 Qxd7 13. Bh4 Rad8 14. c3 c5 15. h3 Qb5 16. b3 Qd3 17. Rc1 Rd7 18. Rf2 h6 19. Nf1 cxd4 20. cxd4 g5 21. Bg3 e5 22.
Rd2 Qb5 23. dxe5 Rxd2 24. Qxd2 fxe5 25. fxe5 Bxe5 26. Bxe5 Qxe5 27. Qd4 Qxd4 28. exd4 Ba6 29. Ne3 Rd8 30. d5 Rd7 31. Rd1 Kf7 32. Rd4 Bd3 33. Kf2 Kf6 34. Ra4 h5 35. g4 hxg4 36. hxg4 Ke5 37.
Ke1 Kf4 38. Kd2 Rh7 39. Nc4 Kxg4 40. d6 Kf4 41. Rb4 g4 42. Rb5 g3 43. Ne5 g2 44.
Ng6+ Kf3 45. Rg5 Bf1 46. Ne5+ Kf4 47. d7 Rxd7+ 48. Nxd7 Kxg5 49. Ke3 g1=Q+ 50. Kxe4 Bg2+ 51. Ke5 Qe1+ 52. Kd6 Qd2+ 53. Kc7 Qxa2 54. Ne5 Qxb3 0-1

[Event "Late-Titled-Tuesday-Blitz-May-07-2024"]
[Site "Chess.com"]
[Date "2024.05.07"]
[Round "8"]
[White "Cambek64"]
[Black "CombativeWombat"]
[Result "1/2-1/2"]
[WhiteElo "2507"]
[BlackElo "2340"]
[TimeControl "180+1"]
[EndTime "15:29:14 PDT"]
[Termination "Game drawn by repetition"]

1. e4 e5 2. Nf3 Nc6 3. Bc4 Nf6 4. d3 Be7 5. O-O O-O 6. Re1 d6 7. c3 Be6 8. Bxe6 fxe6 9. Qb3 Qd7 10. Nbd2 a5 11. a4 h6 12. d4 exd4 13. Nxd4 Nxd4 14. cxd4 Kh8 15. f3 d5 16. e5 Nh7 17. Nf1 c5 18. dxc5 Bxc5+ 19. Be3 Rac8 20. Bxc5 Rxc5 21. Rac1 Rfc8 22. f4 Nf8 23. Rxc5 Rxc5 24. Re3 Qc6 25. Rc3 Nd7 26. Ng3 Rxc3 27. bxc3 Nc5 28. Qa3 b6 29. h3 Qxa4 30. Qc1 Ne4 31. Nxe4 Qxe4 32. Qb2 Qxf4 33. Qxb6 Qxe5 34. Qxa5 Qe1+ 35. Kh2 Qe5+ 36. Kg1 Qe1+ 37. Kh2 Qe4 38. Qc5 Kh7 39. Kg1 Qe1+ 40. Kh2 Qe4 41. Kg1 e5 42. Qc8 d4 43. cxd4 exd4 44. Qc4 Qe3+ 45. Kh2 d3 46. Qd5 Qf4+ 47. Kg1 Qc1+ 48. Kf2 Qd2+ 49. Kg3 Qe3+ 50. Kh2 Qf4+ 51.
Kg1 Qe3+ 52. Kh2 1/2-1/2

[Event "Late-Titled-Tuesday-Blitz-May-07-2024"]
[Site "Chess.com"]
[Date "2024.05.07"]
[Round "8"]
[White "TokChess"]
[Black "Hakiki_satranc"]
[Result "0-1"]
[WhiteElo "2611"]
[BlackElo "2423"]
[TimeControl "180+1"]
[EndTime "15:29:15 PDT"]
[Termination "Hakiki_satranc won by resignation"]

1. e4 e5 2. Nf3 Nc6 3. Bc4 Bc5 4.
O-O Nf6 5. d3 d6 6. h3 a6 7. Qe2 Be6 8. Bb3 h6 9. Be3 Qe7 10. c3 Bxe3 11. Qxe3 Bxb3 12. axb3 O-O 13. b4 Rad8 14. Nbd2 d5 15. Nb3 d4 16. cxd4 Nxd4 17. Nfxd4 exd4 18. Qd2 Rd6 19. Nc5 Rb6 20. Rac1 Nd7 21.
Rc4 Ne5 22. Rxd4 Rd8 23. Rxd8+ Qxd8 24. Rd1 Qd4 25. Qc3 Rxb4 26. Qxd4 Rxd4 27. Nxb7 Rxd3 28.
Rc1 Rb3 29. Rxc7 Rxb2 30. Nd6 Nd3 31. Rxf7 a5 32. Rf3 Rb1+ 33. Kh2 Ne5 34. Ra3 Nc6 35.
Rc3 Ne5 36. f4 Ng6 37. Kg3 a4 38. Nf5 Rb3 39. Rxb3 axb3 40. Nd4 b2 0-1

[Event "Late-Titled-Tuesday-Blitz-May-07-2024"]
[Site "Chess.com"]
[Date "2024.05.07"]
[Round "8"]
[White "BogdanDeac"]
[Black "moro182"]
[Result "0-1"]
[WhiteElo "3110"]
[BlackElo "2905"]
[TimeControl "180+1"]
[EndTime "15:29:17 PDT"]
[Termination "moro182 won on time"]

1. d4 g6 2. e4 Bg7 3. Nf3 d6 4. Bc4 Nf6 5. Qe2 O-O 6. O-O Bg4 7. c3 Nc6 8. h3 Bxf3 9. Qxf3 e5 10. d5 Ne7 11. Bd3 Qd7 12. c4 Nh5 13. Nc3 f5 14. Qd1 Nf4 15. Bxf4 exf4 16. Qf3 Bxc3 17. bxc3 fxe4 18.
Bxe4 Rae8 19. Rfe1 Kg7 20. Bd3 Ng8 21. Re6 Rxe6 22.
dxe6 Qc6 23. Be4 Qxc4 24. Bd5 Qc5 25. Bxb7 Ne7 26. Ba6 Qc6 27. Qd3 Qd5 28. Rb1 f3 29.
Qxd5 Nxd5 30. Rb7 Kf6 31. Bc4 Nb6 32. Bb3 c5 33. Rxa7 c4 34. Bd1 fxg2 35. Rxh7 Nd5 36. Bg4 Nxc3 37. Rd7 Ne4 38. Kxg2 c3 39. Bd1 Kxe6 40.
Bg4+ Ke5 41. Rc7 Nc5 0-1

[Event "Late-Titled-Tuesday-Blitz-May-07-2024"]
[Site "Chess.com"]
[Date "2024.05.07"]
[Round "8"]
[White "Albertu"]
[Black "Meri-Arabidze"]
[Result "0-1"]
[WhiteElo "2548"]
[BlackElo "2725"]
[TimeControl "180+1"]
[EndTime "15:29:19 PDT"]
[Termination "Meri-Arabidze won on time"]

1. e4 c5 2. Nf3 e6 3. d4 cxd4 4. Nxd4 Nc6 5. Nc3 a6 6. g3 Qc7 7. Bg2 Nf6 8. O-O Bc5 9. Nb3 Ba7 10. Nd5 exd5 11. exd5 O-O 12. dxc6 dxc6 13. Bf4 Qd7 14.
Qf3 Qg4 15. Na5 Qf5 16. Nc4 Qxc2 17. Rac1 Qg6 18. Nd6 Bg4 19. Qb3 Nd5 20. Be5 Qh5 21.
Rfe1 Be2 22. Nc4 b5 23. Na5 Ne7 24. Bd6 Rfe8 25. Bxe7 Rxe7 26. Nxc6 Ree8 27. Nxa7 Rxa7 28. Qc2 Rae7 29. Qd2 g6 30. b3 Qf5 31. Rc6 h5 32. Qc3 Kh7 33. h3 b4 34. Qd2 Bb5 35. Rxe7 Rxe7 36.
Rd6 Re2 37. Kh2 Rxd2 38. Rxd2 Qf6 39. Rd4 Qxd4 0-1

[Event "Late-Titled-Tuesday-Blitz-May-07-2024"]
[Site "Chess.com"]
[Date "2024.05.07"]
[Round "8"]
[White "grzechu96"]
[Black "Denisenko_Denis"]
[Result "1-0"]
[WhiteElo "2792"]
[BlackElo "2427"]
[TimeControl "180+1"]
[EndTime "15:29:20 PDT"]
[Termination "grzechu96 won by resignation"]

1. e4 e5 2. Nf3 Nf6 3. Nxe5 Nxe4 4. Qe2 Qe7 5. Qxe4 d6 6. d4 dxe5 7. dxe5 Nc6 8. Nc3 Qxe5 9. Qxe5+ Nxe5 10. Nb5 Bb4+ 11.
Bd2 Bxd2+ 12. Kxd2 Kd8 13. Re1 f6 14. f4 Ng6 15. g3 Bd7 16. Nc3 Bc6 17. Rg1 Re8 18.
Bd3 Kd7 19. Ne2 Re7 20. Nd4 Rae8 21. Nf5 Rxe1 22. Rxe1 Rxe1 23. Kxe1 Ne7 24. Nxg7 h6 25. Kd2 Bd5 26. a3 c5 27. Ke3 Bf7 28. Be4 b6 29. Kf3 Kd6 30. Kg4 a6 31. Nf5+ Nxf5 32. Kxf5 Ke7 33. Bf3 a5 34. c3 Be8 35. Bd5 Bh5 36.
g4 Be8 37. h4 Kd6 38. Ba2 Ke7 39. Bc4 b5 40. Bd5 b4 41. c4 bxa3 42. bxa3 Bd7+ 43.
Kg6 Bxg4 44. Kxh6 Kf8 45. Kg6 f5 46. h5 1-0

[Event "Late-Titled-Tuesday-Blitz-May-07-2024"]
[Site "Chess.com"]
[Date "2024.05.07"]
[Round "8"]
[White "Nicolik"]
[Black "nindjaxx8"]
[Result "1-0"]
[WhiteElo "2515"]
[BlackElo "2626"]
[TimeControl "180+1"]
[EndTime "15:29:22 PDT"]
[Termination "Nicolik won on time"]

1. d4 d5 2. Nc3 Nf6 3. Bf4 a6 4. e3 Bf5 5. Nf3 e6 6. Ne5 Nbd7 7. g4 Bg6 8. h4 Bb4 9. h5 Nxe5 10. dxe5 Ne4 11.
hxg6 Nxc3 12. gxf7+ Kxf7 13. bxc3 Bxc3+ 14. Ke2 Bxa1 15. Qxa1 Qd7 16. Kf3 Raf8 17. Kg2 Ke8 18. Qb2 Qc6 19. Qd4 h6 20. Bd3 g5 21. Bg3 Ke7 22. f4 Kd8 23. f5 Kc8 24. fxe6 Kb8 25. Bf5 h5 26.
e7 Re8 27. Rxh5 Rxh5 28. gxh5 Rxe7 29. e6 Re8 30. h6 Rf8 31. h7 Qe8 32. e7 Qxe7 33.
h8=Q Rxh8 34. Qxh8+ Ka7 35. Qd4+ b6 36. Qe5 Qc5 37.
Qxc7+ Qxc7 38. Bxc7 Kb7 39. Be5 Kc6 40. Bd4 Kb7 41.
Kg3 Kc6 42. Kg4 Kb7 43. Kxg5 Kc7 44. Kf6 Kc6 45. Ke5 Kb5 46. Kxd5 Ka4 47. Bxb6 Ka3 48. Bc8 Kxa2 49. Bxa6 Ka1 50. Bd3 Ka2 51. c4 Ka1 52.
Bd4+ Ka2 53. c5 Kb3 54. c6 Ka2 55. c7 Kb3 56. c8=Q Ka2 57. Qb7 1-0

[Event "Late-Titled-Tuesday-Blitz-May-07-2024"]
[Site "Chess.com"]
[Date "2024.05.07"]
[Round "8"]
[White "NelsonLinda"]
[Black "Smiechu"]
[Result "0-1"]
[WhiteElo "2607"]
[BlackElo "2468"]
[TimeControl "180+1"]
[EndTime "15:29:24 PDT"]
[Termination "Smiechu won by resignation"]

1. d4 Nf6 2. Nf3 c5 3. e3 g6 4. Be2 Bg7 5. O-O O-O 6. c4 cxd4 7. Nxd4 Nc6 8. Nc3 d6 9. b3 Bd7 10. Bb2 a6 11. Nd5 Nxd4 12. Bxd4 Nxd5 13. cxd5 Bxd4 14.
Qxd4 Qa5 15. Rfc1 Rac8 16. a4 Rxc1+ 17. Rxc1 Rc8 18. Rxc8+ Bxc8 19. Kf1 Bd7 20. h4 Qc7 21. f3 Qc1+ 22. Kf2 Qc2 23. Qb4 b5 24. a5 Bf5 25. e4 Bd7 26. g4 Qc1 27. Qd4 Qh1 28. Qa7 Qh2+ 29. Ke1 Qxh4+ 30. Kd2 Qg5+ 31. Kd3 Be8 32.
Qb8 Kf8 33. Qa8 h5 34. gxh5 gxh5 35. Qxa6 h4 36. Qb6 h3 37. a6 h2 38. a7 h1=Q 39. a8=Q Qhc1 40. Qxe8+ Kxe8 41. Qb8+ Kd7 42. Qxb5+ Kd8 43.
Qa5+ Qc7 44. Qa8+ Qc8 45. Qa5+ Ke8 46. Kd4 Qe5+ 47. Ke3 Qc5+ 0-1

[Event "Late-Titled-Tuesday-Blitz-May-07-2024"]
[Site "Chess.com"]
[Date "2024.05.07"]
[Round "8"]
[White "Blackmind96"]
[Black "FairChess_on_YouTube"]
[Result "0-1"]
[WhiteElo "2891"]
[BlackElo "3075"]
[TimeControl "180+1"]
[EndTime "15:29:25 PDT"]
[Termination "FairChess_on_YouTube won by resignation"]

1. d4 Nf6 2. c4 g6 3. f3 Bg7 4.
e4 O-O 5. Nc3 d6 6. Be3 Nc6 7. Qd2 e5 8. Nge2 exd4 9. Nxd4 Re8 10. Be2 Nh5 11. O-O Nxd4 12. Bxd4 Nf4 13. Kh1 Qg5 14.
g3 Bxd4 15. Qxd4 Nxe2 16. Nxe2 b6 17. Nc3 Bb7 18. Rae1 Qc5 19. Qxc5 bxc5 20. Kg2 Kg7 21. Re2 Bc6 22. b3 a5 23. a4 Rab8 24. Rb1 f5 25. Kf2 fxe4 26. fxe4 Re7 27. Ke3 Rbe8 28. Kd3 Rf7 29. Rbe1 Rb8 30. Kc2 Rf3 31. e5 dxe5 32.
Rxe5 Rd8 33. R1e3 Rxe3 34. Rxe3 Kf6 35. Re2 h5 36. Rf2+ Ke6 37. Rd2 Rd6 38. Nb5 Be4+ 39. Kc3 Rxd2 40. Kxd2 c6 41. Nc3 Kf5 42. Nd1 Kg4 43. Nf2+ Kf3 44. Nh3 Kg2 45. Nf4+ Kxh2 46. Ke3 Bc2 47. Kf2 Bxb3 48. Nxg6 Bxa4 49. Ne5 Bd1 50. Nd3 a4 51. Nb2 a3 52. Nxd1 a2 0-1

[Event "Late-Titled-Tuesday-Blitz-May-07-2024"]
[Site "Chess.com"]
[Date "2024.05.07"]
[Round "8"]
[White "rynos0411"]
[Black "Vazabanga"]
[Result "0-1"]
[WhiteElo "2546"]
[BlackElo "2695"]
[TimeControl "180+1"]
[EndTime "15:29:29 PDT"]
[Termination "Vazabanga won by resignation"]

1. e4 c5 2. Nf3 d6 3. d4 cxd4 4. Nxd4 Nf6 5. Nc3 Nc6 6. f3 e5 7. Nb3 a5 8. Be3 a4 9. Nd2 a3 10.
b3 Be6 11. Nc4 Nd7 12. Nxd6+ Bxd6 13. Qxd6 Qa5 14. Bd2 Nd4 15. O-O-O Rc8 16. b4 Qb6 17. Qxb6 Nxb6 18. Bd3 Nc4 19. Nd5 Nb2 20. Bc3 Bxd5 21. Bxd4 Nxd3+ 22. Rxd3 Bc4 23. Rxa3 exd4 24. Rd1 d3 25.
Ra7 dxc2 26. Rd2 O-O 27. Rxb7 Bxa2 28. Rxc2 Rfd8 29. Rbc7 Rxc7 30. Rxc7 Rb8 31. Ra7 Be6 32. Kd2 Kf8 33. Kc3 Rc8+ 34. Kb2 Rc4 35. Rb7 Ke8 36.
b5 Kd8 37. Ka3 Kc8 38. Ra7 Rc2 39. Kb4 Rxg2 40. Re7 Rxh2 41. b6 Rc2 42. Kb5 g6 43.
Ka6 Ra2+ 44. Kb5 Bd7+ 45. Kc5 Rc2+ 46. Kd6 Rc6+ 47. Kd5 Rxb6 48. Ke5 Re6+ 49. Rxe6 Bxe6 0-1

[Event "Late-Titled-Tuesday-Blitz-May-07-2024"]
[Site "Chess.com"]
[Date "2024.05.07"]
[Round "8"]
[White "cthulhuuu"]
[Black "Yerkinio"]
[Result "1-0"]
[WhiteElo "2557"]
[BlackElo "2668"]
[TimeControl "180+1"]
[EndTime "15:29:31 PDT"]
[Termination "cthulhuuu won by resignation"]

1. e4 c5 2. Nf3 d6 3. g3 Nf6 4.
d3 Nc6 5. Bg2 g6 6. O-O Bg7 7.
Re1 O-O 8. e5 Ne8 9. exd6 Nxd6 10. Nc3 Nd4 11. Ne5 e6 12. h4 Rb8 13. Bf4 b5 14. Ne4 Nxe4 15. Bxe4 Bb7 16. c3 Nf5 17.
Nc6 Bxc6 18. Bxb8 Bxe4 19. dxe4 Qxb8 20. exf5 gxf5 21. Qf3 b4 22. Rab1 a5 23. h5 Qb5 24.
Qe2 Qc6 25. Qe3 Qd5 26. h6 Bf6 27. cxb4 axb4 28. a3 Rb8 29. Red1 Qe5 30. Qxe5 Bxe5 31.
axb4 cxb4 32. b3 Bf6 33. f4 Be7 34. Rd7 Bf8 35. Rc1 Bxh6 36. Rcc7 Rf8 37. Rb7 Kg7 38.
Rxb4 Kf6 39. Rbb7 Bg7 40. b4 h5 41. b5 Bh6 42. Kf2 h4 43. b6 hxg3+ 44. Kxg3 Rg8+ 45.
Kf3 Rg7 46. Rbc7 1-0

[Event "Late-Titled-Tuesday-Blitz-May-07-2024"]
[Site "Chess.com"]
[Date "2024.05.07"]
[Round "8"]
[White "kemelgallo"]
[Black "GMG"]
[Result "0-1"]
[WhiteElo "2670"]
[BlackElo "2825"]
[TimeControl "180+1"]
[EndTime "15:29:32 PDT"]
[Termination "GMG won by resignation"]

1. e4 c6 2. Nf3 d5 3. Nc3 dxe4 4.
Nxe4 Nf6 5. Qe2 Na6 6. Nxf6+ gxf6 7. Qe3 Nb4 8. Qb3 a5 9. a3 Nd5 10. d4 a4 11. Qd3 b5 12. g3 Be6 13. Bg2 Nb6 14. Qe3 Bc4 15. Nd2 Bd5 16. Ne4 e6 17.
O-O f5 18. Ng5 Bxg2 19. Kxg2 Qd5+ 20. Nf3 Nc4 21. Qe2 h5 22. b3 Nd6 23. Qe5 Rg8 24. Qxd5 cxd5 25. h4 axb3 26. cxb3 f6 27. a4 bxa4 28.
bxa4 Kd7 29. Bf4 Nc4 30. Rfb1 Kc6 31. Rb5 Rg7 32. Nd2 Rb7 33. Nxc4 dxc4 34. Rxb7 Kxb7 35.
a5 Kc6 36. Bd2 Bd6 37. Rb1 Bc7 38. Re1 Bxa5 39. Bxa5 Rxa5 40. Rxe6+ Kd5 41. Rxf6 Kxd4 42. Kf3 c3 43. Rd6+ Kc4 44. Rc6+ Rc5 45. Ra6 c2 46. Ra1 Kd3 47. Kf4 Ke2 48. f3 c1=Q+ 49. Rxc1 Rxc1 50. Kxf5 Kxf3 51. Kg5 Rc5+ 0-1